Map: Lockdown LE

Players

Shino

  • Race: Zerg Zerg
  • League: Grandmaster
  • Spawn Location: 1:00

Harstem - Winner!

  • Race: Protoss Protoss
  • League: Grandmaster
  • Spawn Location: 7:00

VOD

Have the link to the VOD?

Description

Time

  • Played on: June 29, 2026, 6:42 a.m.
  • Length: 12:08
Show
View Real Time Build Order
Export as new Build Order

Shino Zerg 

Build Orders: Hatch First 

Get SALT Encoding   

  8  0:00  Drone  
  9  0:11  Drone  
  10  0:18  Drone  
  11  0:27  Overlord  
  11  0:33  Drone  
  12  0:46  Drone x2  
  14  0:51  Drone  
  15  1:05  Drone  
  16  1:15  Hatchery  
  15  1:19  Drone  
  15  1:23  Drone  
  17  1:27  Drone  
  18  1:38  Extractor  
  17  1:41  Spawning Pool  
  17  1:44  Drone  
  17  1:47  Drone  
  18  1:56  Drone  
  19  2:06  Drone  
  20  2:15  Overlord  
  20  2:31  Queen  
  20  2:32  Queen  
  20  2:34  Zergling x2  
  20  2:35  Zergling x2  
  20  2:36  Drone  
  27  2:38  Drone  
  27  2:41  Metabolic Boost  
  28  2:50  Drone x2  
  30  2:54  Drone  
  30  2:56  Drone  
  32  3:13  Hatchery  
  32  3:16  Zergling x2, Overlord  
  32  3:24  Overlord  
  32  3:36  Zergling x2  
  32  3:37  Zergling x2  
  32  3:38  Zergling x2  
  32  3:39  Queen  
  32  3:41  Queen  
  37  3:44  Drone  
  37  3:46  Drone  
  38  3:57  Drone x4  
  39  4:05  Drone x2  
  39  4:07  Drone  
  42  4:11  Drone  
  42  4:13  Drone  
  42  4:16  Drone  
  45  4:23  Drone x2  
  44  4:26  Drone  
  44  4:32  Spore Crawler  
  44  4:33  Drone x4  
  44  4:36  Overlord  
  44  4:38  Spore Crawler  
  46  4:41  Drone, Spore Crawler  
  46  4:44  Drone  
  46  4:46  Drone  
  46  4:58  Drone x6  
  50  5:06  Evolution Chamber  
  49  5:07  Overlord  
  49  5:08  Drone  
  49  5:09  Drone x3  
  49  5:11  Drone  
  54  5:15  Drone  
  54  5:18  Drone x3  
  58  5:24  Overlord x2  
  58  5:26  Drone  
  58  5:27  Drone x2  
  61  5:30  Drone x2  
  61  5:32  Drone  
  64  5:36  Roach Warren  
  64  5:38  Drone x2  
  65  5:43  Lair  
  65  5:46  Overlord  
  65  5:47  Drone x3  
  68  5:56  Drone x7, Extractor  
  74  5:58  Extractor  
  74  6:03  Overlord  
  72  6:05  Zergling x6  
  72  6:06  Zerg Melee Weapons Level 1  
  72  6:10  Zergling x4  
  77  6:13  Zergling x2  
  77  6:15  Hatchery  
  77  6:18  Extractor, Zergling x2  
  76  6:19  Zergling x6  
  76  6:20  Zergling x4  
  76  6:23  Zergling x6  
  85  6:27  Zergling x2  
  85  6:28  Zergling x6, Extractor  
  88  6:33  Zergling x4  
  88  6:38  Overlord  
  88  6:43  Overlord  
  87  6:52  Roach x3  
  87  6:53  Overlord x2  
  91  6:58  Roach x4  
  91  7:01  Glial Reconstitution  
  97  7:02  Roach x5  
  97  7:06  Overlord  
  100  7:18  Roach x6  
  100  7:19  Ravager  
  100  7:21  Zergling x4  
  114  7:24  Overlord x2  
  114  7:25  Overlord  
  110  7:35  Overlord  
  104  7:41  Extractor, Zergling x2  
  104  7:42  Queen  
  104  7:43  Zergling x14  
  107  7:47  Ravager x4  
  107  7:48  Zergling x2  
  107  7:49  Zergling x8  
  116  7:52  Zergling x2, Queen  
  116  7:53  Queen  
  116  7:54  Zergling x2  
  116  7:58  Zergling x8  
  122  8:04  Overlord  
  116  8:08  Roach x2  
  116  8:10  Zergling x2  
  119  8:14  Spine Crawler  
  119  8:16  Zerg Missile Weapons Level 1  
  119  8:18  Ravager  
  119  8:19  Overlord  
  118  8:23  Overlord  
  116  8:28  Ravager x3  
  119  8:36  Roach x2  
  119  8:37  Overlord x3  
  119  8:39  Hatchery  
  122  8:43  Roach  
  122  8:44  Roach x4  
  128  8:52  Roach x2  
  131  8:57  Zergling x8  
  135  9:04  Zergling x10  
  135  9:07  Ravager x2  
  132  9:19  Zergling x4  
  132  9:20  Zergling x10  
  129  9:26  Drone  
  130  9:33  Hydralisk Den  
  130  9:35  Drone x2  
  130  9:36  Drone x2  
  130  9:37  Drone x2  
  135  9:38  Extractor  
  135  9:39  Drone  
  135  9:43  Ravager x2  
  135  9:45  Pneumatized Carapace  
  137  9:51  Roach x4  
  137  9:52  Hatchery  
  144  9:59  Roach x3  
  150  10:05  Roach x5  
  160  10:14  Roach x7  
  160  10:20  Ravager  
  143  10:24  Roach x7  
  157  10:35  Ravager  
  156  10:36  Grooved Spines  
  156  10:39  Zergling x8  
  156  10:40  Overlord x3  
  160  10:51  Queen  
  157  11:05  Zergling x28  
  154  11:14  Zergling x8  
  154  11:18  Queen  
  148  11:25  Zergling x18  
  146  11:26  Hydralisk  
  146  11:27  Queen  
  151  11:34  Hatchery  
  151  11:39  Hydralisk x2  
  152  11:46  Zergling x10  
Show
View Real Time Build Order
Export as new Build Order

Harstem Protoss - Winner!

Build Orders: Oracle Opening 

Get SALT Encoding   

  8  0:00  Probe (Chrono Boost)  
  9  0:12  Probe (Chrono Boost)  
  10  0:18  Probe (Chrono Boost)  
  11  0:26  Probe  
  12  0:34  Pylon  
  12  0:38  Probe  
  13  0:52  Probe  
  14  1:02  Gateway  
  14  1:04  Probe (Chrono Boost)  
  14  1:08  Assimilator  
  15  1:15  Probe (Chrono Boost)  
  16  1:19  Probe (Chrono Boost)  
  17  1:31  Probe  
  18  1:43  Probe  
  19  1:52  Nexus  
  19  2:04  Cybernetics Core  
  19  2:06  Probe  
  20  2:12  Assimilator  
  20  2:19  Pylon  
  20  2:21  Probe  
  22  2:37  Probe  
  22  2:38  Adept (Chrono Boost)  
  24  2:47  Stargate  
  24  2:49  Probe  
  25  2:59  Adept (Chrono Boost)  
  25  3:01  Probe  
  25  3:02  Warp Gate  
  25  3:05  Probe  
  29  3:13  Probe  
  29  3:17  Probe  
  31  3:25  Probe  
  34  3:29  Probe, Oracle (Chrono Boost)  
  36  3:36  Pylon  
  36  3:37  Probe  
  37  3:41  Probe  
  38  3:49  Probe  
  38  3:53  Probe  
  40  3:59  Oracle (Chrono Boost)  
  40  4:01  Probe  
  44  4:05  Probe  
  44  4:08  Gateway  
  45  4:10  Pylon  
  45  4:14  Probe  
  46  4:17  Probe  
  46  4:21  Twilight Council  
  47  4:26  Probe  
  47  4:29  Probe  
  49  4:38  Probe  
  50  4:41  Nexus  
  50  4:42  Probe  
  50  4:44  Pylon  
  51  4:49  Blink (Chrono Boost)  
  51  4:50  Assimilator, Probe  
  52  4:53  Stalker  
  52  4:54  Probe  
  55  5:02  Probe  
  55  5:03  Stalker  
  55  5:06  Probe  
  59  5:07  Pylon  
  61  5:14  Stalker, Probe  
  61  5:20  Gateway  
  63  5:22  Gateway  
  63  5:23  Stalker  
  63  5:24  Probe  
  63  5:26  Probe  
  66  5:29  Assimilator  
  66  5:35  Stalker  
  68  5:36  Probe  
  68  5:38  Probe  
  68  5:42  Pylon  
  70  5:44  Stalker  
  70  5:48  Probe  
  70  5:49  Shield Battery  
  73  5:53  Stalker  
  73  5:54  Probe  
  77  5:57  Probe  
  77  6:02  Stalker  
  77  6:03  Probe  
  80  6:06  Probe  
  80  6:09  Stalker  
  80  6:11  Pylon  
  83  6:12  Stalker  
  83  6:15  Stalker  
  83  6:17  Probe  
  83  6:18  Probe  
  89  6:20  Probe  
  90  6:29  Pylon  
  90  6:33  Probe  
  90  6:39  Stalker x3  
  97  6:40  Stalker  
  97  6:41  Probe x2  
  97  6:45  Probe  
  102  6:53  Probe  
  104  6:54  Pylon  
  104  6:57  Forge  
  104  7:01  Stalker x3  
  104  7:03  Stalker  
  111  7:09  Templar Archives  
  111  7:11  Assimilator  
  111  7:13  Probe  
  112  7:16  Assimilator  
  112  7:18  Probe  
  112  7:20  Pylon  
  114  7:26  Stalker  
  114  7:27  Stalker  
  115  7:32  Stalker x2  
  115  7:35  Protoss Ground Weapons Level 1 (Chrono Boost)  
  119  7:38  Probe x2  
  119  7:39  Pylon  
  121  7:47  Charge  
  121  7:48  Probe  
  122  7:57  Sentry, Zealot x2, Gateway  
  128  7:59  Gateway, Photon Cannon  
  128  8:00  Gateway x2  
  128  8:01  Psionic Storm  
  126  8:08  Zealot  
  126  8:09  Probe  
  126  8:12  Pylon  
  129  8:15  Pylon  
  129  8:19  Stalker  
  131  8:20  Pylon  
  131  8:21  Pylon  
  131  8:29  Zealot x2  
  131  8:31  Pylon  
  131  8:34  Photon Cannon  
  135  8:36  High Templar  
  135  8:40  Robotics Facility  
  137  8:42  Pylon  
  137  8:44  High Templar  
  140  8:56  Zealot x2  
  140  8:59  Probe  
  140  9:00  Probe  
  144  9:03  Zealot x3  
  150  9:16  Probe  
  143  9:19  Stalker x5  
  153  9:25  Immortal (Chrono Boost)  
  153  9:29  High Templar x3  
  153  9:31  Probe  
  164  9:35  Photon Cannon  
  164  9:37  Protoss Ground Weapons Level 2 (Chrono Boost)  
  164  9:42  Zealot x3  
  164  9:45  Nexus, Pylon  
  170  9:48  Pylon  
  168  9:54  Pylon  
  167  10:04  Zealot x8  
  161  10:21  Probe  
  161  10:23  Immortal (Chrono Boost)  
  161  10:24  Nexus  
  161  10:27  Probe  
  161  10:30  Fleet Beacon  
  161  10:31  Photon Cannon  
  161  10:35  High Templar x3  
  165  10:36  Zealot x2  
  165  10:37  Zealot x3  
  177  10:51  Immortal (Chrono Boost)  
  177  10:56  Assimilator  
  173  10:57  Assimilator  
  173  11:00  Stalker x5  
  183  11:11  Probe  
  174  11:14  Photon Cannon  
  170  11:18  High Templar  
  170  11:19  Zealot x2  
  170  11:21  Immortal (Chrono Boost)  
  170  11:23  Photon Cannon  
  176  11:30  Stalker x3  
  174  11:42  Zealot x4  
  180  12:00  Zealot  
  180  12:01  Zealot x3  
Tags
 
Add a new tag
Caveats
  • Supply blocks, unpowered buildings, or Contaminate may cause inaccurate times.
  • Supply counts are checked every 10 seconds.